 Dungeon Crawl Stone Soup version 0.20-a0-1018-ge435b50 (webtiles) character file.

2802 Monsterracer the Carver (level 10, 0/70 HPs)
             Began as a Formicid Fighter on Apr 17, 2017.
             Was a Follower of Hepliaklqana.
             Killed from afar by an electric eel (2 damage)
             ... with a bolt of electricity
             ... on level 6 of the Dungeon.
             The game lasted 00:25:11 (5810 turns).

Monsterracer the Carver (Formicid Fighter)          Turns: 5810, Time: 00:25:12

Health: 0/70       AC: 16    Str: 23    XL:     10   Next: 2%
Magic:  10/10      EV:  6    Int:  8    God:    Hepliaklqana [*.....]
Gold:   339        SH: 16    Dex: 13    Spells: 9/9 levels left

rFire    . . .     SeeInvis +   a - +1 long sword
rCold    + . .     Gourm    .   m - +0 large shield
rNeg     . . .     Faith    .   l - +0 chain mail
rPois    .         Spirit   .   (helmet unavailable)
rElec    .         Reflect  .   x - scarf {rC+}
rCorr    .         Harm     .   k - +1 pair of gloves
MR       +....                  y - +0 pair of boots "Soyn" {Str+2}
Stlth    ..........             u - amulet of regeneration
Regen    0.7/turn               n - +1 ring of evasion
MPRegen  0.2/turn               (no ring)

@: no status effects
A: permanent stasis, dig shafts and tunnels, four strong arms, reduced essence,
antennae 3, iridescent scales 1, rugged brown scales 1
a: Dig, Shaft Self, Recall Ancestor, Ancestor Identity, Renounce Religion


You were on level 6 of the Dungeon.
You worshipped Hepliaklqana.
Hepliaklqana was aware of your devotion.
You were hungry.

You visited 2 branches of the dungeon, and saw 7 of its levels.

You collected 354 gold pieces.
You spent 15 gold pieces at shops.

Inventory:

Hand Weapons
 a - a +1 long sword (weapon)
 c - a +2 whip of flaming
Missiles
 h - 5 poisoned tomahawks
 q - 7 tomahawks
 r - 99 stones (quivered)
Armour
 k - a +1 pair of gloves (worn)
 l - a +0 chain mail (worn)
 m - a +0 large shield (worn)
 x - a scarf of cold resistance (worn)
 y - the +0 pair of boots "Soyn" (worn) {Str+2}
   (You found it on level 5 of the Dungeon)

   It affects your strength (+2).
Jewellery
 n - a +1 ring of evasion (left hand)
 u - an amulet of regeneration (around neck)
Scrolls
 d - 2 scrolls of amnesia
 e - 8 scrolls of remove curse
 i - 6 scrolls of identify
 j - a scroll of enchant weapon
 s - a scroll of enchant armour
Potions
 p - 3 potions of curing
 w - 3 potions of mutation
Books
 b - a book of Frost

   Spells                             Type                      Level
   a - Freeze                         Ice                          1
   b - Throw Frost                    Conjuration/Ice              2
   c - Ozocubu's Armour               Charms/Ice                   3
   d - Throw Icicle                   Conjuration/Ice              4
   e - Summon Ice Beast               Ice/Summoning                4
Comestibles
 f - 3 bread rations
 g - 4 fruits
 o - 3 royal jellies
 t - a meat ration


   Skills:
 + Level 5.8 Fighting
 * Level 10.8 Long Blades
 + Level 5.7 Armour
 + Level 6.1 Shields


You had 9 spell levels left.
You didn't know any spells.

Dungeon Overview and Level Annotations

Branches:
Dungeon (6/15)             Temple (1/1) D:5

Altars:
Ashenzari
Cheibriados
Dithmenos
Elyvilon
Fedhas
Gozag
Hepliaklqana
Kikubaaqudgha
Makhleb
Nemelex Xobeh
Qazlal
Sif Muna
Trog
Uskayaw
Vehumet
Wu Jian
Xom
Zin

Shops:
D:6 !


Innate Abilities, Weirdness & Mutations

You cannot be hasted, slowed, berserked, paralysed or teleported.
You can dig through walls and to a lower floor.
Your four strong arms can wield two-handed weapons with a shield.
You have a pair of large antennae on your head. (SInv)
Your life essence is reduced. (-10% HP)
You are partially covered in iridescent scales. (AC +2)
You are partially covered in rugged brown scales. (AC +1, +3% HP)


Message History

The electric eel shoots out a bolt of lightning at you!
The bolt of electricity hits you!
* * * LOW HITPOINT WARNING * * *
You barely miss the electric eel.
The electric eel is almost dead.
Your shield and chain mail prevent you from hitting the electric eel.
The electric eel is almost dead.
The electric eel shoots out a bolt of lightning at you!
The bolt of electricity hits you!
* * * LOW HITPOINT WARNING * * *
You miss the electric eel.
The electric eel is almost dead.
The electric eel shoots out a bolt of lightning at you!
The bolt of electricity hits you!
* * * LOW HITPOINT WARNING * * *
You miss the electric eel.
The electric eel is almost dead.
The electric eel shoots out a bolt of lightning at you!
The bolt of electricity hits you!
You die...

....... #.#...........
≈≈P≈P≈.≈≈....
≈≈≈≈P≈≈≈♣≈≈.
≈≈≈≈≈≈P≈≈≈P ≈≈≈≈≈≈≈≈≈P≈
#######♣♣≈≈≈≈≈≈≈≈≈≈≈
###...##...♣♣♣;†≈≈≈≈≈P
##....##..##...@P≈PP≈≈≈
#....##..###.....♣♣♣♣♣♣
##...#...####..........
....#..### #...........
#.....## #..........#
#.##..# #.........##
#####.## #.........#
#..# #........## ###.##
#........#


You could see an electric eel.

Vanquished Creatures
  A two-headed ogre (D:5)
  Pikel (D:4)
  The ghost of Vidiiot the Slasher, an amateur MiFi (D:4)
  Grinder (D:5)
  A water moccasin (D:6)
  A sky beast (D:5)
  A phantom (D:4)
  A centaur (D:5)
  An electric eel (D:6)
  A centaur zombie (D:5)
  2 orc priests
  A bullfrog skeleton (D:5)
  An orc wizard (D:4)
  An iguana (D:5)
  3 worker ants
  A gnoll (D:3)
  7 adders
  A shadow imp (D:5)
  2 oozes
  4 worms
  A dart slug (D:3)
  2 leopard geckos
  6 orcs
  A ball python (D:2)
  8 bats
  7 giant cockroaches
  7 goblins
  10 hobgoblins
  8 jackals
  4 quokkas
  7 frilled lizards
  A jackal skeleton (D:3)
  11 kobolds
  A leopard gecko skeleton (D:5)
  A quokka skeleton (D:6)
  7 rats
115 creatures vanquished.

Vanquished Creatures (collateral kills)
  Eustachio (D:5)
  A sky beast (D:5)
  A centaur (D:5)
  A scorpion (D:5)
  An electric eel (D:6)
  A crimson imp (D:5)
  A hound zombie (D:6)
  A worker ant zombie (D:6)
  An adder skeleton (D:5)
  A quokka skeleton (D:5)
10 creatures vanquished.

Vanquished Creatures (others)
  2 ancestors
  3 orcs (D:4)
  2 jackals (D:4)
  A quokka (D:4)
8 creatures vanquished.

Grand Total: 133 creatures vanquished

Notes
Turn   | Place    | Note
-------+----------+-------------------------------------------
     0 | D:1      | Monsterracer the Formicid Fighter began the quest for the Orb.
     0 | D:1      | Reached XP level 1. HP: 18/18 MP: 1/1
   295 | D:1      | Reached XP level 2. HP: 24/24 MP: 2/2
   477 | D:1      | Reached skill level 3 in Long Blades
   989 | D:2      | Reached XP level 3. HP: 29/29 MP: 3/3
  1053 | D:2      | Gained mutation: You are partially covered in rugged brown scales. (AC +1, +3% HP) [potion of mutation]
  1053 | D:2      | Gained mutation: You are partially covered in iridescent scales. (AC +2) [potion of mutation]
  1324 | D:2      | Reached XP level 4. HP: 36/36 MP: 4/4
  1336 | D:2      | Reached skill level 4 in Long Blades
  2009 | D:3      | Reached XP level 5. HP: 42/42 MP: 5/5
  2247 | D:3      | Reached skill level 5 in Long Blades
  2896 | D:4      | Noticed a slave
  2896 | D:4      | Noticed a slave
  2897 | D:4      | Noticed Pikel
  2913 | D:4      | Noticed a slave
  2916 | D:4      | Noticed a slave
  2939 | D:4      | Killed Pikel
  2939 | D:4      | Reached skill level 8 in Long Blades
  2939 | D:4      | Reached XP level 6. HP: 26/48 MP: 6/6
  2939 | D:4      | Reached XP level 7. HP: 29/53 MP: 7/7
  3447 | D:4      | Found a white marble altar of Elyvilon.
  3455 | D:4      | Noticed Vidiiot's ghost (amateur MiFi)
  3719 | D:4      | Killed Vidiiot's ghost
  3719 | D:4      | Reached skill level 9 in Long Blades
  3719 | D:4      | Reached XP level 8. HP: 37/59 MP: 8/8
  4383 | D:5      | Entered Level 5 of the Dungeon
  4472 | D:5      | Found a bloodstained altar of Trog.
  4638 | D:5      | Noticed Grinder
  4639 | D:5      | Found a staircase to the Ecumenical Temple.
  4694 | D:5      | Killed Grinder
  4702 | Temple   | Entered the Ecumenical Temple
  4775 | Temple   | Became a worshipper of Hepliaklqana the Forgotten
  4959 | D:5      | Reached XP level 9. HP: 61/61 MP: 9/9
  4987 | D:5      | Noticed Eustachio
  5000 | D:5      | Killed Eustachio
  5000 | D:5      | Reached skill level 10 in Long Blades
  5000 | D:5      | Reached skill level 5 in Shields
  5048 | D:5      | Found a sparkling altar of Nemelex Xobeh.
  5204 | D:5      | Noticed a two-headed ogre
  5224 | D:5      | Killed a two-headed ogre
  5224 | D:5      | Reached skill level 5 in Fighting
  5224 | D:5      | Reached skill level 5 in Armour
  5354 | D:5      | Got a pair of ancient boots
  5360 | D:5      | Identified the +0 pair of boots "Soyn" {Str+2} (You found it on level 5 of the Dungeon)
  5562 | D:6      | Found Gucw's Distillery.
  5572 | D:6      | Bought a potion of degeneration for 15 gold pieces
  5578 | D:6      | Found an opulent altar of Gozag.
  5686 | D:6      | Reached XP level 10. HP: 49/70 MP: 10/10
  5755 | D:6      | Reached * piety under Hepliaklqana
  5803 | D:6      | HP: 3/70 [electric eel/bolt of electricity (10)]
  5809 | D:6      | HP: 2/70 [electric eel/bolt of electricity (5)]
  5810 | D:6      | Killed from afar by an electric eel

Vault maps used:
D:1:      matt_arrival_grand_opening
D:2:      grunt_ministairs_2, hex_tiny
D:3:      minmay_diamond_boxcup, first_bread
D:4:      elyvilon_altar_4, uniq_pikel
D:5:      nemelex_xobeh_ov_fountains_minmay, lemuel_round_altar, temple_statues,
          minmay_joined_circles, uniq_eustachio, uniq_grinder
D:6:      serial_bayou, serial_bayou_ford_a, serial_bayou_shore_b,
          serial_bayou_pond_b, serial_bayou_crossing, serial_shops,
          nicolae_shop_statue_plus, nicolae_gozag_seed_capital
Temple:   nicolae_temple_no_exploring_needed

Skill      XL: |  1  2  3  4  5  6  7  8  9 |
---------------+----------------------------+-----
Long Blades    | 3 4 8 9 10 | 10.8
Shields        | 4 6 |  6.1
Fighting       | 4 5 |  5.8
Armour         | 4 5 |  5.7

Action                   |  1- 3 |  4- 6 |  7- 9 | 10-12 || total
-------------------------+-------+-------+-------+-------++-------
Melee: Long sword        |   112 |   242 |   221 |    19 ||   594
       Unarmed           |       |       |    19 |       ||    19
Throw: Stone             |       |     5 |     4 |       ||     9
Invok: Ancestor Identity |       |       |     1 |       ||     1
 Abil: Dig               |       |       |     2 |       ||     2
  Use: Potion            |     4 |     4 |     6 |     1 ||    15
       Scroll            |       |     7 |       |       ||     7
 Stab: Distracted        |       |       |     1 |       ||     1
  Eat: Chunk             |     1 |     6 |     9 |       ||    16
Armor: Scale mail        |    26 |       |       |       ||    26
       Chain mail        |    30 |    98 |    57 |       ||   185
Dodge: Dodged            |    28 |    30 |    34 |     1 ||    93
Block: Shield            |    62 |     2 |       |       ||    64
       Large shield      |       |   163 |   149 |       ||   312
       Rpst.: Long sword |    10 |     9 |     9 |       ||    28
